 Dungeon Crawl Stone Soup version 0.31.0-11-ge490571c62 (webtiles) character file.

Game seed: 9874315487584322928

103 Silvore the Covered (level 4, -4/35 HPs)
             Began as a Demonspawn Fighter on Feb 7, 2024.
             Killed from afar by an orc wizard (8 damage)
             ... with a puff of flame
             ... on level 3 of the Dungeon.
             The game lasted 00:02:41 (2143 turns).

Silvore the Covered (Demonspawn Fighter)            Turns: 2143, Time: 00:02:41

Health: -4/35      AC:  9    Str: 18    XL:     4   Next: 51%
Magic:  4/4        EV:  9    Int: 11    God:
Gold:   89         SH:  4    Dex: 12    Spells: 3/3 levels left

rFire   . . .        a - +1 long sword
rCold   . . .        c - +0 buckler
rNeg    . . .        b - +0 scale mail
rPois   .            (helmet restricted)
rElec   .            m - +1 cloak
rCorr   .            (no gloves)
SInv    .            (no boots)
Will    .....        (no amulet) Stlth
                     (no ring)
HPRegen 0.25/turn    (no ring)
MPRegen 0.09/turn

%: no passive effects
@: no status effects
A: horns 1, big brain 1
a: no special abilities


You were on level 3 of the Dungeon.
You visited 1 branch of the dungeon, and saw 3 of its levels.

You collected 89 gold pieces.

Inventory:

Hand Weapons
 a - a +1 long sword (weapon)
Armour
 b - a +0 scale mail (worn)
 c - a +0 buckler (worn)
 m - a +1 cloak (worn)
Jewellery
 k - a ring of flight
Wands
 f - a wand of flame (10)
Scrolls
 i - 2 scrolls of teleportation
 n - a scroll of vulnerability
Potions
 d - a potion of might
 e - a potion of curing
 g - a potion of mutation {unknown}
 h - a potion of cancellation {unknown}
 j - a potion of attraction {unknown}
 l - a potion of berserk rage {unknown}
 o - a potion of haste {unknown}
 q - a potion of resistance {unknown}


   Skills:
 + Level 3.3 Fighting
 + Level 3.0 Long Blades
 + Level 3.4 Armour
 + Level 0.4 Dodging
 + Level 3.1 Shields


You had 3 spell levels left.
You didn't know any spells.
Your spell library contained the following spells:

 Spells                   Type           Power      Damage    Failure   Level
 Shock                    Conj/Air       0%         1d3       80%         1
 Sting                    Conj/Alch      0%         1d3       80%         1
 Mercury Vapours          Alch/Air       0%         N/A       91%         2
 Swiftness                Air            0%         N/A       99%         3
 Airstrike                Air            0%         2d(0-16)  100%        4
 Olgreb's Toxic Radiance  Alch           0%         N/A       100%        4


Dungeon Overview and Level Annotations

Branches:
Dungeon (3/15)

Altars:

Shops:
D:1 *=:!


Innate Abilities, Weirdness & Mutations

You have a pair of small horns on your head.
You have an unusually large brain. (Int +2)


Message History

The orc wizard barely misses you.
You miss the orc wizard. You headbutt the orc wizard.
The orc wizard is severely wounded.
The orc hits you with a +0 hand axe.
* * * LOW HITPOINT WARNING * * *
Something hits you but does no damage. The orc wizard closely misses you.
You block the orc's attack. Something hits you but does no damage.
The orc wizard hits you but does no damage.
You barely miss the orc wizard. Your headbutt misses the orc wizard.
The orc wizard is severely wounded.
The orc closely misses you. Something hits you but does no damage.
The orc wizard casts a spell at you. You resist with some effort.
You hit the orc wizard.
You kill the orc wizard!
The orc closely misses you. Something hits you but does no damage.
Your Long Blades skill increases to level 3!
The orc hits you but does no damage. Something hits you but does no damage.
Things that are here:
a +0 dagger; a +0 robe You completely miss the orc.
The orc hits you but does no damage. Something hits you but does no damage.
You slash the orc!
You kill the orc!
Something hits you but does no damage. x2
Things that are here:
a +0 hand axe; an orc corpse You slash something!
Something hits you but does no damage.
You completely miss something. Something hits you but does no damage.
You miss something. Your headbutt misses something. Something hits you.
* * * LOW HITPOINT WARNING * * *
You hear some strange, mumbled words.
Something tries to affect you, but you resist.
You miss something. Something hits you but does no damage.
You barely miss something. Something hits you but does no damage.
You barely miss something. Your headbutt misses something.
You hear some strange, mumbled words.
A puff of flame appears from out of thin air!
The puff of flame hits you!
You die...

.#...##..## ##.###.#
.....##...## ##......#
.###.##....###......<#
.# #.###............##
.###(# ##..........##
.##..# ######..####
.##.## #..# .#..#
#..## .#.## #.{@# ...#
#..).....# ...####
.....###...#
................# ..#
..#.##....>...... .#
......#.........# #
.......)........#
......#........"#
.........


There were no monsters in sight!

Vanquished Creatures
  An orc wizard (D:3)
  2 adders (D:2)
  4 ribbon worms
  A dart slug (D:3)
  3 orcs (D:3)
  7 bats
  4 endoplasms
  4 giant cockroaches
  3 goblins
  3 hobgoblins
  2 quokkas (D:2)
  3 ball pythons
  3 frilled lizards
  3 kobolds
  3 rats
46 creatures vanquished.

Notes
Turn   | Place    | Note
-------+----------+-------------------------------------------
     0 | D:1      | Silvore the Demonspawn Fighter began the quest for the Orb.
     0 | D:1      | Reached XP level 1. HP: 18/18 MP: 1/1
     7 | D:1      | Found Dirausec's General Store.
    19 | D:1      | Found Obbov's Jewellery Boutique.
   117 | D:1      | Found Xirilaen's Book Shoppe.
   442 | D:1      | Gained mutation: You have a pair of small horns on your
                  | head. [demonic ancestry]
   442 | D:1      | Reached XP level 2. HP: 24/24 MP: 2/2
   519 | D:1      | Found Dunwismey's Distillery.
  1383 | D:2      | Gained mutation: You have an unusually large brain. (Int
                  | +2) [demonic ancestry]
  1383 | D:2      | Reached XP level 3. HP: 29/29 MP: 3/3
  2023 | D:3      | Reached XP level 4. HP: 35/35 MP: 4/4
  2143 | D:3      | Killed from afar by an orc wizard

Illustrated notes

Levels and vault maps discovered:
D:1:      reono_arrival_forest_river, layout_loops_ring, serial_shops,
          nicolae_shop_hallway_stairs, nicolae_shop_waterfront, shop, shop
D:2:      layout_loops_corners, minmay_tetromino_t4
D:3:      layout_rooms, mainiacjoe_overflow_tiny_flanked, marbit_many_paths,
          nemelex_spade_bored_becter, chequers_ecumenical_altar_island,
          corexii_corridor_pit

Skill      XL: |  1  2  3  4 |
---------------+-------------+-----
Armour         | 3 |  3.4
Long Blades    | 2 3 |  3.0
Shields        | 3 |  3.1
Fighting       | |  3.3
Dodging        | |  0.4

Action                     |  1- 3 |  4- 6 || total
---------------------------+-------+-------++-------
  Melee: Long sword        |   146 |    38 ||   184
         Headbutt          |    16 |     6 ||    22
    Use: Scroll            |     5 |     2 ||     7
 Armour: Scale mail        |   118 |    70 ||   188
  Dodge: Dodged            |    81 |    21 ||   102
  Block: Buckler           |    37 |    11 ||    48
